 Dungeon Crawl Stone Soup version 0.20-a0-629-gc37eb77 (console) character file.

72 nht the Chopper (level 4, -1/39 HPs)
             Began as a Minotaur Chaos Knight on Feb 10, 2017.
             Engulfed by a steam dragon's steam (11 damage)
             ... on level 3 of the Dungeon.
             The game lasted 00:01:42 (1744 turns).

nht the Chopper (Minotaur Chaos Knight)             Turns: 1744, Time: 00:01:42

Health: -1/39      AC:  7    Str: 17    XL:     4   Next: 7%
Magic:  3/3        EV: 11    Int:  9    God:    Xom [..*...]
Gold:   79         SH:  0    Dex: 10    Spells: 3/3 levels left

rFire    . . .     SeeInvis .   a - +0 hand axe (chaos)
rCold    . . .     Gourm    .   b - +2 leather armour
rNeg     . . .     Faith    .   (no shield)
rPois    .         Spirit   .   (helmet restricted)
rElec    .         Reflect  .   (no cloak)
rCorr    .         Harm     .   d - +0 pair of gloves
MR       .....                  n - +0 pair of boots
Stlth    +.........             (no amulet)
Regen    0.2/turn               (no ring)
                                (no ring)

@: no status effects
A: retaliatory headbutt, horns 2
a: Renounce Religion


You were on level 3 of the Dungeon.
You worshipped Xom.
You were a toy of Xom.
You were hungry.

You visited 1 branch of the dungeon, and saw 3 of its levels.

You collected 79 gold pieces.

Inventory:

Hand Weapons
 a - a +0 hand axe of chaos (weapon)
Armour
 b - a +2 leather armour (worn)
 d - a +0 pair of gloves (worn)
 n - a +0 pair of boots (worn)
Jewellery
 l - an uncursed ring of fire
Scrolls
 g - a scroll of enchant armour {unknown}
 h - a scroll of fog {unknown}
 j - a scroll of remove curse {unknown}
 m - a scroll of random uselessness {unknown}
 o - 3 scrolls of enchant weapon {unknown}
Potions
 e - 2 potions of curing {unknown}
 i - a potion of haste {unknown}
Comestibles
 c - 3 bread rations
 f - 2 royal jellies
 k - 2 meat rations


   Skills:
 - Level 3.6 Fighting
 + Level 6.0 Axes
 - Level 2.4 Armour
 - Level 1.1 Dodging


You had 3 spell levels left.
You didn't know any spells.

Dungeon Overview and Level Annotations

Branches:
Dungeon (3/15)

Altars:
Dithmenos
Vehumet


Innate Abilities, Weirdness & Mutations

You reflexively headbutt those who attack you in melee.
You have a pair of horns on your head.


Message History

A worm is nearby!
You hit the worm.
The worm evaporates and reforms as a steam dragon!
Xom is mildly amused.
You headbutt the steam dragon, but do no damage.
The steam dragon is lightly wounded.
The steam dragon bites you. The steam dragon misses you.
A steam dragon is nearby!
You barely miss the steam dragon.
The steam dragon is lightly wounded.
The steam dragon breathes steam at you. The ball of steam hits you!
* * * LOW HITPOINT WARNING * * *
You hear a shout!
You hit the steam dragon but do no damage.
The steam dragon is poisoned.
The steam dragon is lightly wounded.
You are engulfed in a cloud of scalding steam.
You die...
Xom guffaws!

█.█ █.█ ... .█ █.█
..█ . █.█ ██.█ .██
█.███ █... ...█
███.█.███..██..███
..█.█.██..<.......
█.█.█.█....D......
█.█.█.██.█@.....█
█.█......§█████.█
.█████.█...██.§█
...........██§.█
██████.█...██..█████.
█.█...██........
█.█.............
█.██..█......███
█..........█.█


You could see a steam dragon.

Vanquished Creatures
  3 adders
  An ooze (D:2)
  A dart slug (D:1)
  3 leopard geckos
  An orc (D:3)
  3 goblins
  3 hobgoblins
  3 jackals (D:2)
  2 bats
  4 frilled lizards
  8 kobolds
  5 rats
37 creatures vanquished.

Notes
Turn   | Place    | Note
-------+----------+-------------------------------------------
     0 | D:1      | nht the Minotaur Chaos Knight began the quest for the Orb.
     0 | D:1      | Reached XP level 1. HP: 19/19 MP: 0/0
    42 | D:1      | XOM: divination: detect creatures
   206 | D:1      | XOM is BORED!
   206 | D:1      | XOM: silly message
   215 | D:1      | Reached skill level 4 in Axes
   245 | D:1      | XOM: divination: magic mapping
   266 | D:1      | Reached XP level 2. HP: 23/26 MP: 1/1
   454 | D:1      | wtf xom
   461 | D:2      | XOM is BORED!
   461 | D:2      | XOM: noise
   493 | D:1      | XOM: cloud trail
   574 | D:1      | XOM: smoke on damage
   576 | D:1      | Reached skill level 5 in Axes
   744 | D:1      | XOM: noise
   964 | D:2      | Reached XP level 3. HP: 27/31 MP: 2/2
  1092 | D:2      | Found a shadowy altar of Dithmenos.
  1108 | D:2      | XOM: divination: detect creatures
  1536 | D:2      | XOM: cloud trail
  1679 | D:3      | Found a radiant altar of Vehumet.
  1727 | D:3      | Reached skill level 6 in Axes
  1727 | D:3      | Reached XP level 4. HP: 30/39 MP: 3/3
  1742 | D:3      | Noticed a steam dragon
  1742 | D:3      | a worm changed into a steam dragon
  1744 | D:3      | Engulfed by a steam dragon's steam

Vault maps used:
D:1:      minmay_arrival_doors, minmay_misc_feat_four_crosses,
          minmay_gold_behind_fungi
D:2:      old_standard_altar
D:3:      vehumet_crystals, kennysheep_generic_room_11

Skill      XL: |  1  2  3 |
---------------+----------+-----
Axes           | 4 5 6 |  6.0
Fighting       | |  3.6
Armour         | |  2.4
Dodging        | |  1.1

Action                   |  1- 3 |  4- 6 || total
-------------------------+-------+-------++-------
Melee: Hand axe          |    82 |     4 ||    86
       Headbutt          |     8 |     2 ||    10
  Eat: Chunk             |     2 |       ||     2
Armor: Leather armour    |    12 |       ||    12
Dodge: Dodged            |    51 |     1 ||    52
